 Dungeon Crawl Stone Soup version 0.31-a0-180-g519b7de00c (webtiles) character file.

Game seed: 1694106405853900550

64 BlueFish the Charlatan (level 3, 0/29 HPs)
             Began as a Draconian Artificer on June 19, 2023.
             Succumbed to an adder's poison
             ... on level 2 of the Dungeon on June 20, 2023.
             The game lasted 00:03:46 (1198 turns).

BlueFish the Charlatan (Draconian Artificer)        Turns: 1198, Time: 00:03:47

Health: 0/29       AC:  5    Str: 14    XL:     3   Next: 91%
Magic:  3/3        EV: 12    Int: 13    God:
Gold:   45         SH:  0    Dex: 11    Spells: 2/2 levels left

rFire   . . .        j - +0 short sword
rCold   . . .        (no shield)
rNeg    . . .        (body armour unavailable)
rPois   .            (helmet restricted)
rElec   .            (no cloak)
rCorr   .            (no gloves)
SInv    .            (no boots)
Will    .....        (no amulet)
Stlth   ++           (no ring)
HPRegen 0.24/turn    (no ring)
MPRegen 0.08/turn

%: no passive effects
@: lethally poisoned (0 -> -4), hasted, very quick
A: AC +5, unfitting armour, cold-blooded
a: no special abilities


You were on level 2 of the Dungeon.
You visited 1 branch of the dungeon, and saw 2 of its levels.

You collected 45 gold pieces.

Inventory:

Hand Weapons
 a - a +0 club
 e - a +0 dagger
 j - a +0 short sword (weapon)
Missiles
 i - a throwing net
Wands
 b - a wand of flame (15) (quivered)
 c - a wand of charming (15)
 d - a wand of iceblast (5)
Scrolls
 f - 3 scrolls of identify {unknown}
 g - a scroll of amnesia {unknown}
 l - 3 scrolls of enchant weapon {unknown}
 m - a scroll of teleportation {unknown}
 n - a scroll of immolation {unknown}
Potions
 k - a potion of heal wounds {unknown}


   Skills:
 + Level 2.2 Fighting
 + Level 2.7 Dodging
 + Level 2.0 Stealth
 + Level 3.4 Evocations


You had 2 spell levels left.
You didn't know any spells.
Your spell library was empty.

Dungeon Overview and Level Annotations

Branches:
Dungeon (2/15)

Altars:
Uskayaw


Innate Abilities, Weirdness & Mutations

Your plain brown scales are hard. (AC +5)
You cannot fit into any form of body armour.
You are cold-blooded and may be slowed by cold attacks.


Message History

The iguana bites you.
You barely miss the iguana.
The iguana is heavily wounded.
The iguana closely misses you.
You hit the iguana but do no damage.
Your tail-slap misses the iguana.
The iguana is heavily wounded.
The iguana bites you but does no damage.
You hit the iguana.
The iguana is severely wounded.
The iguana bites you!
* * * LOW HITPOINT WARNING * * *
You barely miss the iguana.
The iguana is severely wounded.
The iguana barely misses you.
You hit the iguana but do no damage. You tail-slap the iguana.
The iguana is almost dead.
The iguana bites you.
* * * LOW HITPOINT WARNING * * *
You barely miss the iguana.
The iguana is almost dead.
The iguana barely misses you.
You hit the iguana.
You kill the iguana!
Your Stealth skill increases to level 2!
You barely miss the adder. The adder completely misses you.
The adder barely misses you.
You barely miss the adder. The adder completely misses you.
You barely miss the adder. The adder bites you.
* * * LOW HITPOINT WARNING * * *
You are lethally poisoned!
The adder poisons you!
You hit the adder but do no damage.
Your tail-slap misses the adder.
* * * LOW HITPOINT WARNING * * *
You feel sick. The adder misses you.
You hit the adder but do no damage.
* * * LOW HITPOINT WARNING * * *
You feel sick. The adder barely misses you.
The adder bites you but does no damage.
It was a potion of haste.
You feel yourself speed up.
You die...

..................
####......)####............
...#.................####...
...............##.#####.....
..................# #(....
....#.............#####.....
.........####...............
.........######.............
.........gS@......#.........
.........######...#####.....
.........# #...# #.....
########## ##### ######


You could see an adder and a hobgoblin.

Vanquished Creatures
  An iguana (D:2)
  A dart slug (D:1)
  3 endoplasms
  2 giant cockroaches
  2 hobgoblins (D:1)
  4 jackals (D:1)
  4 quokkas
  2 ball pythons
  5 bats (D:1)
  2 frilled lizards
  2 goblins (D:1)
  3 kobolds
  3 rats (D:1)
34 creatures vanquished.

Notes
Turn   | Place    | Note
-------+----------+-------------------------------------------
     0 | D:1      | BlueFish the Draconian Artificer began the quest for the
                  | Orb.
     0 | D:1      | Reached XP level 1. HP: 16/16 MP: 1/1
    55 | D:1      | Reached skill level 1 in Stealth
   403 | D:1      | Reached XP level 2. HP: 23/23 MP: 2/2
   828 | D:1      | Reached XP level 3. HP: 23/29 MP: 3/3
  1132 | D:2      | Found a hide-covered altar of Uskayaw.
  1196 | D:2      | HP: 1/29 [poisoned by an adder]
  1198 | D:2      | Succumbed to an adder's poison

Illustrated notes

Levels and vault maps discovered:
D:1:      sevenhm_arrival_forest_fort_small_3, layout_loops_ring,
          kennysheep_pointless_box
D:2:      layout_rooms, basic_altar

Skill      XL: |  1  2  3 |
---------------+----------+-----
Stealth        | 1 2 |  2.0
Fighting       | 2 |  2.2
Dodging        | |  2.7
Evocations     | |  3.4

Action                     || total
---------------------------++-------
  Melee: Dagger            ||    47
         Tailslap          ||    14
         Club              ||     3
         Punch             ||     2
         Short sword       ||   115
    Use: Potion            ||     1
   Stab: Sleeping          ||     3
 Armour: Skin              ||    38
  Dodge: Dodged            ||   117

Table legend: (Time is in decaauts)
 A = Elapsed time spent in this place.
 B = Non-inter-level travel time spent in this place.
 C = Inter-level travel time spent in this place.
 D = Time resting spent in this place.
 E = Time spent auto-exploring this place.
 F = Levels seen in this place.
 G = Mean time per level.
                   A        B        C        D        E       F      G
               +--------+--------+--------+--------+--------+-----+--------+
         Total |   1199 |   1179 |     20 |      0 |    742 |   2 |  599.5 |
       Dungeon |   1199 |   1179 |     20 |      0 |    742 |   2 |  599.5 |
               +--------+--------+--------+--------+--------+-----+--------+

Top non-repeatable levels by time:
     D:1: 1024 daAuts
     D:2: 174 daAuts
